 Dungeon Crawl Stone Soup version 0.19.1 (webtiles) character file.

1043 shezar the Skirmisher (level 8, -2/70 HPs)
             Began as a White Draconian Berserker on Dec 12, 2016.
             Was a Priest of Trog.
             Slain by an ogre
             ... wielding a +0 giant spiked club
              (12 damage)
             ... on level 6 of the Dungeon on Dec 13, 2016.
             The game lasted 00:34:18 (3039 turns).

shezar the Skirmisher (White Draconian Berserker)   Turns: 3039, Time: 00:34:19

Health: -2/70      AC:  6    Str: 21    XL:     8   Next: 4%
Magic:  8/8        EV: 14    Int:  8    God:    Trog [***...]
Gold:   235        SH:  0    Dex: 11    Spells: 0 memorised, 7 levels left

rFire  + . .     SeeInvis .     o - +2 flail (holy)
rCold  . . .     Gourm    .     (armour unavailable)
rNeg   . . .     Faith    .     (no shield)
rPois  .         Spirit   .     (helmet restricted)
rElec  .         Reflect  .     (no cloak)
rCorr  .         Harm     .     (no gloves)
MR     .....                    (no boots)
Stlth  +++.......               s - amulet of rage
                                r - ring of fire
                                e - ring of stealth

@: exhausted, slowed, very slow
A: breathe frost, unfitting armour, cold resistance 1, cold-blooded, AC +6
a: Breathe Frost, Berserk, Trog's Hand, Burn Spellbooks, Renounce Religion,
Evoke Berserk Rage


You were on level 6 of the Dungeon.
You worshipped Trog.
Trog was most pleased with you.
You were very full.

You visited 1 branch of the dungeon, and saw 6 of its levels.

You collected 235 gold pieces.

Inventory:

Hand Weapons
 o - a +2 flail of holy wrath (weapon)
 p - a +0 club
 t - a +0 hunting sling
Armour
 u - a +0 helmet
Jewellery
 e - a ring of stealth (left hand)
 r - a ring of fire (right hand)
 s - an amulet of rage (around neck)
Scrolls
 a - 3 scrolls of remove curse
 c - a scroll of fog {unknown}
 f - 2 scrolls of identify
 h - a scroll of fear
 n - a scroll of enchant armour
 w - a scroll of enchant weapon
Potions
 d - 3 potions of curing
 g - a potion of degeneration
 m - a potion of agility
 q - a potion of resistance
 v - a potion of heal wounds {unknown}
Books
 l - a book of Callings

   Spells                             Type                      Level
   a - Summon Small Mammal            Summoning                    1
   b - Call Imp                       Summoning                    2
   c - Call Canine Familiar           Summoning                    3
   d - Summon Guardian Golem          Hexes/Summoning              3
   e - Summon Lightning Spire         Summoning/Air                4
   f - Summon Ice Beast               Ice/Summoning                4
   Trog disapproves of the use of such an item.
Comestibles
 b - 2 bread rations
 i - a slice of pizza
 j - a meat ration
 k - 3 fruits


   Skills:
 + Level 5.8 Fighting
   Level 4.2 Short Blades
 + Level 4.2 Maces & Flails
   Level 3.6 Polearms
 + Level 0.1 Throwing
 + Level 4.6 Dodging
 + Level 2.0 Stealth


You had 7 spell levels left.
You didn't know any spells.

Dungeon Overview and Level Annotations

Branches:
Dungeon (6/15)             Temple (0/1) D:6

Altars:
Nemelex Xobeh


Innate Abilities, Weirdness & Mutations

You can breathe waves of freezing cold.
You can buffet flying creatures when you breathe cold.
Your icy white scales are hard. (AC +6)
You cannot fit into any form of body armour.
Your flesh is cold resistant. (rC+)
You are cold-blooded and may be slowed by cold attacks.


Message History

You are no longer berserk.
You are exhausted.
You feel yourself slow down.
You see here a sky beast corpse.
Found a stone staircase leading down.
There is a staircase to the Ecumenical Temple here.
You feel the effects of Trog's Hand fading.
There is a stone staircase leading down here.
An ogre comes into view. It is wielding a giant spiked club.
Your skin stops crawling.
You feel less resistant to hostile enchantments.
The ogre shouts!
You barely miss the ogre.
The ogre hits you with a giant spiked club!
The ogre hits you with a giant spiked club.
You completely miss the ogre.
The ogre hits you with a giant spiked club!!
* * * LOW HITPOINT WARNING * * *
The ogre hits you with a giant spiked club!
You die...

... ..# ..## ##
#.###... ..
#....#.#####
.###.##........
....#.......# #.#
#.#.#.......# #.#
##.#@#.......# #.#
#...O........# #.#
#.#.........)####.#
#.....>........##.#
#..............##.###
#.......#####..##<..#
#.#.>..## #..#.....
#.#....######..#.....
#.##.#.#.............


You could see an ogre.

Vanquished Creatures
  Sigmund (D:3)
  A sky beast (D:6)
  A phantom (D:4)
  An ogre (D:5)
  A necrophage (D:5)
  A centaur (D:5)
  A scorpion (D:5)
  A howler monkey (D:3)
  A crimson imp (D:5)
  A hound (D:6)
  An iguana (D:3)
  A worker ant (D:5)
  A hound skeleton (D:5)
  Robin (D:4)
  3 gnolls (D:3)
  9 adders
  A shadow imp (D:6)
  2 oozes
  4 worms
  2 dart slugs (D:3)
  6 leopard geckos
  2 orcs
  3 giant cockroaches
  14 goblins
  7 hobgoblins
  18 jackals
  4 quokkas
  A ball python (D:2)
  5 bats
  A frilled lizard (D:3)
  6 kobolds
  A leopard gecko zombie (D:6)
  6 rats
109 creatures vanquished.

Notes
Turn   | Place    | Note
-------+----------+-------------------------------------------
     0 | D:1      | shezar the Draconian Berserker began the quest for the Orb.
     0 | D:1      | Reached XP level 1. HP: 19/19 MP: 1/1
   162 | D:1      | Reached XP level 2. HP: 20/26 MP: 2/2
   425 | D:2      | Reached XP level 3. HP: 11/33 MP: 3/3
   526 | D:2      | Reached skill level 4 in Fighting
   565 | D:2      | Reached ** piety under Trog
   570 | D:2      | Found a sparkling altar of Nemelex Xobeh.
   577 | D:2      | Reached skill level 1 in Short Blades
   630 | D:2      | Reached XP level 4. HP: 23/40 MP: 4/4
  1048 | D:3      | Noticed Sigmund
  1068 | D:3      | Killed Sigmund
  1068 | D:3      | Reached XP level 5. HP: 46/47 MP: 5/5
  1278 | D:3      | Reached XP level 6. HP: 33/55 MP: 6/6
  1356 | D:3      | Reached skill level 5 in Fighting
  1624 | D:4      | Noticed Robin
  1648 | D:4      | Reached *** piety under Trog
  1670 | D:4      | Killed Robin
  2389 | D:4      | Reached skill level 1 in Maces & Flails
  2389 | D:4      | Reached skill level 1 in Stealth
  2389 | D:4      | Your scales start taking on an icy white colour.
  2389 | D:4      | Reached XP level 7. HP: 41/61 MP: 7/7
  2389 | D:4      | Gained mutation: Your flesh is cold resistant. (rC+) [White Draconian growth]
  2600 | D:5      | Entered Level 5 of the Dungeon
  2997 | D:6      | Found a staircase to the Ecumenical Temple.
  3020 | D:6      | Reached XP level 8. HP: 32/70 MP: 8/8
  3039 | D:6      | Slain by an ogre

Skill      XL: |  1  2  3  4  5  6  7 |
---------------+----------------------+-----
Dodging        | 3 4 |  4.6
Fighting       | 4 5 |  5.8
Short Blades   | 1 3 4 |  4.2
Maces & Flails | 1 4 |  4.2
Stealth        | 1 2 |  2.0
Polearms       | |  3.6
Throwing       | |  0.1

Action                   |  1- 3 |  4- 6 |  7- 9 || total
-------------------------+-------+-------+-------++-------
Melee: Spear             |    57 |       |       ||    57
       Tailslap          |     8 |    25 |     2 ||    35
       Short sword       |    63 |   108 |       ||   171
       Flail             |       |    85 |    85 ||   170
Throw: Throwing net      |       |     5 |       ||     5
Invok: Berserk           |     1 |     3 |     2 ||     6
       Trog's Hand       |       |     2 |     1 ||     3
 Abil: Breathe Frost     |       |       |     3 ||     3
  Use: Scroll            |     9 |     6 |     4 ||    19
       Potion            |     3 |     4 |     1 ||     8
 Stab: Held in net/web   |       |     1 |       ||     1
       Sleeping          |       |     1 |     1 ||     2
       Distracted        |       |       |     1 ||     1
  Eat: Bread ration      |     2 |     1 |     1 ||     4
       Pizza             |       |     1 |       ||     1
       Meat ration       |       |     1 |       ||     1
Armor: Skin              |    43 |    61 |    31 ||   135
Dodge: Dodged            |    67 |   154 |    55 ||   276
